 Dungeon Crawl Stone Soup version 0.25.1-2-g60ff931df9 (webtiles) character file.

Game seed: 3061648286700395586

14293 Krouwed the Covert (level 11, -3/86 HPs)
             Began as a Vampire Assassin on Aug 13, 2020.
             Was an Elder of Dithmenos.
             Slain by a manticore (7 damage)
             ... on level 11 of the Dungeon.
             The game lasted 00:57:08 (14961 turns).

Krouwed the Covert (Vampire Assassin)              Turns: 14961, Time: 00:57:09

Health: -3/86      AC:  9    Str: 13    XL:     11   Next: 86%
Magic:  19/19      EV: 16    Int: 14    God:    Dithmenos [****..]
Gold:   373        SH:  0    Dex: 16    Spells: 8/20 levels left

rFire    . . .     SeeInvis +   n - +5 long sword "Leviticus" {vamp, rElec rPois MR++}
rCold    . . .     Gourm    .   (no shield)
rNeg     + . .     Faith    .   r - +1 robe
rPois    +         Spirit   .   G - +1 helmet
rElec    +         Reflect  .   (no cloak)
rCorr    .         Harm     .   c - +1 pair of gloves
MR       +++..                  (no boots)
Stlth    +++++++...             (no amulet)
HPRegen  0.44/turn              C - ring of positive energy
MPRegen  0.16/turn              (no ring)

@: regenerating quickly, wreathed by umbra
A: no food, fangs 3, iridescent scales 1, see invisible, wild magic 1,
unbreathing
a: Exsanguinate, Shadow Step, Renounce Religion


You were on level 11 of the Dungeon.
You worshipped Dithmenos.
Dithmenos was greatly pleased with you.
You were alive.

You visited 2 branches of the dungeon, and saw 12 of its levels.

You collected 716 gold pieces.
You spent 343 gold pieces at shops.

Inventory:

Hand Weapons
 n - the +5 long sword "Leviticus" (weapon) {vamp, rElec rPois MR++}
   (You took it off an orc warrior on level 11 of the Dungeon)

   It inflicts no extra harm, but heals its wielder when it wounds a living foe.
   It insulates you from electricity.
   It protects you from poison.
   It affects your resistance to hostile enchantments.
 y - a +5 dagger of freezing
 I - a +0 dagger of venom
 N - a +3 vampiric dagger
Missiles
 d - 15 poisoned darts (quivered)
 q - 35 boomerangs
 s - 198 stones
 D - 12 javelins
Armour
 b - a scarf of resistance
 c - a +1 pair of gloves (worn)
 r - a +1 robe (worn)
 x - a +2 cloak
 G - a +1 helmet (worn)
Jewellery
 f - an uncursed ring of ice
 v - an uncursed ring of ice
 B - the cursed ring "Adekun Fubad" {+Inv Str-4 Dex+2}
   (You found it on level 4 of the Dungeon)

   [ring of strength]

   It affects your strength (-4).
   It affects your dexterity (+2).
   It lets you turn invisible.
   It has a curse placed upon it.
 C - a ring of positive energy (left hand)
Wands
 j - a wand of paralysis (8)
 l - a wand of disintegration (20)
 p - a wand of random effects (38)
 J - a wand of flame (27)
Scrolls
 a - 3 scrolls of identify
 e - a scroll of enchant weapon
 g - 5 scrolls of remove curse
 h - 2 scrolls of immolation
 i - 2 scrolls of teleportation
 k - 2 scrolls of magic mapping
 K - 3 scrolls of enchant armour
Potions
 m - 2 potions of magic
 o - a potion of mutation
 t - 3 potions of brilliance
 w - a potion of ambrosia
 z - a potion of invisibility {unknown}
 A - a potion of flight
 E - a potion of resistance {unknown}
 F - a potion of haste {unknown}
 L - 4 potions of degeneration


   Skills:
 + Level 7.8 Fighting
 - Level 9.1(9.2) Short Blades
 + Level 1.3(5.4) Long Blades
 - Level 1.5 Throwing
 + Level 5.8 Dodging
 - Level 10.0 Stealth
 + Level 5.4 Spellcasting
 - Level 5.0 Hexes
 - Level 5.0 Summonings
 + Level 3.9 Ice Magic
 - Level 5.0 Air Magic
 - Level 6.0 Invocations
 - Level 4.0 Evocations


You had 8 spell levels left.
You knew the following spells:

 Your Spells              Type           Power        Failure   Level  Hunger
a - Summon Lightning Spi  Summ/Air       ###.....     30%         4    N/A
b - Ensorcelled Hibernat  Hex/Ice        ###...       7%          2    N/A
c - Confusing Touch       Hex            ###.....     10%         3    N/A
d - Tukima's Dance        Hex            ###.....     10%         3    N/A

Your spell library contained the following spells:

 Spells                   Type           Power        Failure   Level  Hunger
 Corona                   Hex            ###....      4%          1    N/A
 Summon Small Mammal      Summ           ###.         4%          1    N/A
 Call Imp                 Summ           ###.....     5%          2    N/A
 Call Canine Familiar     Summ           ###.....     10%         3    N/A
 Summon Guardian Golem    Hex/Summ       ###.....     10%         3    N/A
 Animate Skeleton         Necr           N/A          24%         1    N/A
 Pain                     Necr           #...         24%         1    N/A
 Dazzling Flash           Conj/Hex       ##....       26%         3    N/A
 Summon Ice Beast         Ice/Summ       ###.....     34%         4    N/A
 Gell's Gravitas          Tloc           #.........   54%         3    N/A
 Vampiric Draining        Necr           #.........   54%         3    N/A
 Metabolic Englaciation   Hex/Ice        ###.......   67%         5    N/A
 Animate Dead             Necr           N/A          90%         4    N/A
 Petrify                  Tmut/Erth      #.......     90%         4    N/A
 Yara's Violent Unravell  Hex/Tmut       ##........   90%         5    N/A
 Agony                    Necr           #.......     99%         5    N/A

Dungeon Overview and Level Annotations

Branches:
Dungeon (11/15)            Temple (1/1) D:4            Lair (0/6) D:11
    Orc (0/2) D:9

Altars:
Ashenzari
Cheibriados
Dithmenos
Elyvilon
Fedhas
Gozag
Hepliaklqana
Kikubaaqudgha
Makhleb
Nemelex Xobeh
Okawaru
Qazlal
Ru
Sif Muna
Trog
Uskayaw
Vehumet
Wu Jian
Xom
Yredelemnul
Zin
The Shining One
Beogh

Shops:
D:5 %   D:10 ?

Annotations:
D:8 2 transporters, iamyoyoman's ghost, novice TrMo


Innate Abilities, Weirdness & Mutations

You do not eat.
Your natural rate of healing is unusually fast.
You have razor-sharp teeth.
You have supernaturally acute eyesight. (SInv)
You can survive without breathing.
You are partially covered in iridescent scales. (AC +2)
Your spells are a little harder to cast, but a little more powerful.


Message History

Okay, then.
Okay, then.
You hit the orc wizard but do no damage.
You carefully extract the barbed spikes from your body.
The orc wizard hits you with a +0 battleaxe of venom.
* * * LOW HITPOINT WARNING * * *
The manticore closely misses you.
You riposte.
You barely miss the manticore.
The manticore is severely wounded.
The manticore claws you but does no damage.
The manticore claws you.
* * * LOW HITPOINT WARNING * * *
You barely miss the manticore.
The manticore is severely wounded.
The orc wizard closely misses you. The manticore bites you.
* * * LOW HITPOINT WARNING * * *
The manticore closely misses you. The manticore barely misses you.
You slash the manticore!
The manticore is almost dead.
The orc wizard misses you. The manticore bites you!
You die...

..#..†§(.C)..)...... #
#.#.#########C.####)
#.#.#............## #.
#..!..##(#####...###.
#.#.#(.......#........ #
#[#(.##..(.##...###.
..#(......<###.## #.
.⌠.#H.##....# ### #.
._..#@.##.#..# #.
.u.⌠.#o.......# #.
......#..##....# #[
################.###....#
#. †................#
#....# #.
..........>...#.## ......
####. ###.#.........#.#
#.... #...<####.###.#
#.### ###.........# #..
#.# #


You could see a manticore (poisoned) and an orc wizard.

Vanquished Creatures
  A centaur warrior (D:9)
  2 two-headed ogres
  Pikel (D:6)
  A cyclops (D:11)
  Joseph (D:7)
  The ghost of H0rd4k the Thaumaturge, a novice DEWz (D:6)
  2 komodo dragons (D:11)
  A troll (D:8)
  Grinder (D:6)
  2 hippogriffs
  5 slime creatures
  7 yaks (D:9)
  3 wyverns
  2 hungry ghosts
  3 black bears
  6 ice beasts
  5 phantoms
  11 orc warriors
  A sky beast (D:10)
  5 ogres
  4 slaves (D:6)
  2 necrophages (D:7)
  An eye of draining (D:9)
  9 centaurs
  3 big kobolds
  2 gnoll sergeants (D:9)
  6 bullfrogs
  A wyvern skeleton (D:9)
  3 scorpions
  6 killer bees
  2 howler monkeys (D:7)
  6 crimson imps
  A bullfrog zombie (D:6)
  A centaur zombie (D:4)
  A quasit (D:11)
  2 bullfrog skeletons
  4 hounds
  6 orc priests
  3 jellies
  7 orc wizards
  2 centaur skeletons
  4 iguanas
  6 worker ants
  3 hound skeletons
  A killer bee simulacrum (D:6)
  3 worker ant zombies
  3 gnolls (D:9)
  A howler monkey skeleton (D:7)
  11 adders
  3 shadow imps
  4 white imps (D:6)
  2 adder skeletons (D:9)
  A worm (D:2)
  3 dart slugs
  4 leopard geckos
  46 orcs
  13 bats
  5 giant cockroaches
  4 hobgoblins
  14 jackals
  6 kobolds (D:1)
  2 quokkas (D:4)
  2 ball pythons
  6 frilled lizards
  5 goblins
  A quokka simulacrum (D:6)
  7 rats
293 creatures vanquished.

Vanquished Creatures (collateral kills)
  An orc warrior (D:11)
  An orc wizard (D:11)
  2 orcs (D:8)
  A plant (D:11)
5 creatures vanquished.

Vanquished Creatures (others)
  30 plants (D:11)
30 creatures vanquished.

Grand Total: 328 creatures vanquished

Notes
Turn   | Place    | Note
-------+----------+-------------------------------------------
     0 | D:1      | Krouwed the Vampire Assassin began the quest for the Orb.
     0 | D:1      | Reached XP level 1. HP: 16/16 MP: 1/1
    59 | D:1      | Reached skill level 6 in Stealth
   138 | D:1      | Reached XP level 2. HP: 20/22 MP: 2/2
   571 | D:1      | Reached XP level 3. HP: 21/27 MP: 3/3
   983 | D:2      | Found a hide-covered altar of Uskayaw.
  1188 | D:2      | Reached XP level 4. HP: 12/34 MP: 4/4
  1298 | D:2      | Found a white marble altar of Elyvilon.
  1512 | D:3      | Found a radiant altar of Vehumet.
  2172 | D:4      | Reached skill level 7 in Stealth
  2209 | D:4      | Reached XP level 5. HP: 40/40 MP: 5/5
  2536 | D:4      | Reached skill level 1 in Evocations
  2547 | D:4      | Reached XP level 6. HP: 30/47 MP: 6/6
  2603 | D:4      | Found a staircase to the Ecumenical Temple.
  2609 | Temple   | Entered the Ecumenical Temple
  2682 | Temple   | Became a worshipper of Dithmenos the Shadowed
  3185 | D:4      | Got a wavering amber ring
  3302 | D:5      | Entered Level 5 of the Dungeon
  3303 | D:5      | Identified the cursed ring "Adekun Fubad" {+Inv Str-4
                  | Dex+2} (You found it on level 4 of the Dungeon)
  3328 | D:5      | Reached skill level 1 in Invocations
  3434 | D:5      | Reached XP level 7. HP: 50/52 MP: 8/8
  3446 | D:5      | Reached skill level 8 in Stealth
  3648 | D:5      | Found Elyitar's Food Emporium.
  3798 | D:5      | Got a glittering garnet amulet
  4265 | D:6      | Reached skill level 5 in Short Blades
  4357 | D:6      | Found a glowing silver altar of Zin.
  4386 | D:6      | Reached * piety under Dithmenos
  4429 | D:6      | Noticed Grinder
  4571 | D:6      | Reached XP level 8. HP: 16/48 MP: 8/10
  4794 | D:6      | Reached skill level 9 in Stealth
  4872 | D:6      | Noticed H0rd4k's ghost (novice DEWz)
  4908 | D:6      | Learned a level 4 spell: Summon Lightning Spire
  4969 | D:6      | Found a runed translucent gate.
  4969 | D:6      | Found a runed translucent gate.
  4969 | D:6      | Found a runed translucent gate.
  5323 | D:6      | Paralysed by Grinder for 7 turns
  5324 | D:6      | Killed Grinder
  5324 | D:6      | Reached skill level 5 in Fighting
  5377 | D:6      | Killed H0rd4k's ghost
  5377 | D:6      | Reached skill level 10 in Stealth
  5377 | D:6      | Reached XP level 9. HP: 54/54 MP: 10/12
  5618 | D:6      | Found an iron altar of Okawaru.
  5619 | D:6      | Found a basalt altar of Yredelemnul.
  5619 | D:6      | Found a burning altar of Makhleb.
  5620 | D:6      | Noticed Pikel
  5646 | D:6      | Killed Pikel
  5646 | D:6      | Reached skill level 1 in Spellcasting
  5646 | D:6      | Reached skill level 1 in Summonings
  5646 | D:6      | Reached skill level 1 in Air Magic
  6499 | D:7      | Found a sparkling altar of Nemelex Xobeh.
  6524 | D:7      | Noticed Joseph
  6538 | D:7      | Killed Joseph
  6538 | D:7      | Reached skill level 5 in Invocations
  6615 | D:7      | Reached ** piety under Dithmenos
  6650 | D:7      | Identified the amulet of the Mutiny {Inacc rC+ MR+ Int+2}
                  | (You found it on level 5 of the Dungeon)
  6966 | D:8      | Reached XP level 10. HP: 76/76 MP: 13/13
  7024 | D:8      | Found a transporter.
  7160 | D:8      | Noticed a moth of wrath
  7173 | D:8      | Found a transporter.
  7175 | D:8      | Noticed iamyoyoman's ghost (novice TrMo)
  7229 | D:8      | Noticed a two-headed ogre
  7236 | D:8      | Killed a two-headed ogre
  7287 | D:8      | Found a runed translucent door.
  8140 | D:8      | Reached *** piety under Dithmenos
  8314 | D:8      | Found a roughly hewn altar of Beogh.
  8389 | D:8      | Learned a level 2 spell: Ensorcelled Hibernation
  8393 | D:8      | Learned a level 3 spell: Confusing Touch
  8397 | D:8      | Learned a level 3 spell: Tukima's Dance
  8440 | D:8      | Gained mutation: Your spells are a little harder to cast,
                  | but a little more powerful. [potion of mutation]
  8440 | D:8      | Gained mutation: You are partially covered in iridescent
                  | scales. (AC +2) [potion of mutation]
  8821 | D:9      | Reached skill level 1 in Hexes
 10594 | D:9      | Found a staircase to the Orcish Mines.
 10677 | D:8      | Reached XP level 11. HP: 5/66 MP: 17/17
 11461 | D:8      | Reached skill level 1 in Ice Magic
 12413 | D:9      | Noticed an unseen horror
 12414 | D:9      | Noticed a centaur warrior
 12434 | D:9      | Killed a centaur warrior
 12434 | D:9      | Reached skill level 5 in Air Magic
 12520 | D:9      | Reached skill level 5 in Summonings
 12657 | D:9      | Reached **** piety under Dithmenos
 12772 | D:10     | Entered Level 10 of the Dungeon
 12773 | D:10     | Found Atomnent's Magic Scroll Boutique.
 12779 | D:10     | Bought a scroll of identify for 26 gold pieces
 12779 | D:10     | Bought a scroll of enchant armour for 97 gold pieces
 12779 | D:10     | Bought a scroll of identify for 26 gold pieces
 12779 | D:10     | Bought a scroll of enchant armour for 97 gold pieces
 12779 | D:10     | Bought a scroll of identify for 26 gold pieces
 12779 | D:10     | Bought a scroll of identify for 26 gold pieces
 12779 | D:10     | Bought a scroll of magic mapping for 45 gold pieces
 12960 | D:10     | Noticed a two-headed ogre
 12998 | D:10     | Killed a two-headed ogre
 12998 | D:10     | Reached skill level 5 in Dodging
 12998 | D:10     | Reached skill level 5 in Hexes
 13983 | D:11     | Found a shattered altar of Ashenzari.
 14001 | D:11     | Found a staircase to the Lair.
 14006 | D:11     | Reached skill level 5 in Spellcasting
 14201 | D:11     | Identified the +5 long sword "Leviticus" {vamp, rElec rPois
                  | MR++}
 14878 | D:11     | Reached skill level 1 in Long Blades
 14912 | D:11     | Noticed a white ugly thing
 14960 | D:11     | HP: 3/86 [manticore (4)]
 14961 | D:11     | Slain by a manticore

Illustrated notes

Levels and vault maps discovered:
D:1:      dpeg_arrival_prison, layout_loops_ring, minmay_vboxes
D:2:      layout_rooms, nicolae_overflow_hidden_temple,
          eat_drink_and_be_merry_uskayaw
D:3:      layout_basic, lemuel_round_altar
D:4:      layout_basic, minmay_temple_entry_enclosed_plants, first_ration,
          minivault_27
D:5:      layout_basic, serial_shops, shop, lemuel_another_geyser
D:6:      layout_gridville, chequers_temple_overflow_statue_of_worship,
          gammafunk_ghost_icy, nicolae_zen_rock_garden, uniq_pikel, uniq_grinder
D:7:      layout_basic, lemuel_doored_altar, kennysheep_generic_room_16,
          uniq_joseph
D:8:      layout_loops_ring, gammafunk_ghost_berserking_beasts,
          blue_anna_alchemist [blue_anna_fruit_fields, blue_anna_fruit_fields],
          minmay_misc_feat_rows, lightli_church_of_beogh
D:9:      minmay_chambers_of_sevens, layout_irregular_city,
          kennysheep_orc_monster_closet_entryway
D:10:     layout_grid_maze, serial_shops, nicolae_shop_statue_plus
D:11:     layout_loops_ring, david_lair_shrubbed,
          ploomutoo_gammafunk_ghost_potion_laboratory, serial_bayou_pond_d,
          minmay_the_grid_square_5x5_3x3_mashed
          [minmay_the_grid_square_5x5_fat_x, minmay_the_grid_square_5x5_slash,
          minmay_the_grid_square_5x5_shrine1, minmay_the_grid_square_5x5_forky,
          minmay_the_grid_square_5x5_megaprize_checkered,
          minmay_the_grid_square_5x5_comb,
          minmay_the_grid_square_5x5_hollow_slash,
          minmay_the_grid_square_5x5_bite, minmay_the_grid_square_5x5_one_wall]
Temple:   jpeg_temple_clearing

Skill      XL: |  1  2  3  4  5  6  7  8  9 10 11 |
---------------+----------------------------------+-----
Stealth        | 6 7 8 10 | 10.0
Fighting       | 2 3 4 5 6 7 |  7.8
Dodging        | 2 3 4 5 |  5.8
Short Blades   | 3 4 5 6 7 8 9 |  9.1
Evocations     | 1 2 4 |  4.0
Invocations    | 1 2 4 5 6 |  6.0
Spellcasting   | 2 4 5 |  5.4
Summonings     | 3 4 5 |  5.0
Air Magic      | 3 4 5 |  5.0
Hexes          | 3 5 |  5.0
Ice Magic      | 3 |  3.9
Long Blades    | 1 |  1.3
Throwing       | |  1.5

Action                   |  1- 3 |  4- 6 |  7- 9 | 10-12 || total
-------------------------+-------+-------+-------+-------++-------
Melee: Dagger            |   118 |   172 |   312 |   804 ||  1406
       Bite              |    10 |    18 |    38 |   113 ||   179
       Long sword        |       |       |       |    57 ||    57
 Fire: Hunting sling     |    11 |       |       |       ||    11
Throw: Dart              |    19 |     8 |    19 |    55 ||   101
       Javelin           |       |       |       |    10 ||    10
 Cast: Summon Lightning  |       |       |       |     4 ||     4
       Ensorcelled Hiber |       |       |       |     1 ||     1
Invok: Shadow Step       |       |       |       |     2 ||     2
 Abil: Exsanguinate      |       |       |     1 |     1 ||     2
       Revivify          |       |       |     1 |     1 ||     2
Evoke: Wand              |       |       |     7 |    13 ||    20
  Use: Scroll            |       |     3 |     9 |    15 ||    27
       Potion            |       |       |     2 |     7 ||     9
 Stab: Sleeping          |    10 |    10 |    10 |    18 ||    48
       Distracted        |       |       |     3 |     3 ||     6
       Paralysed         |       |       |     2 |     2 ||     4
Armor: Robe              |    42 |    34 |    25 |   108 ||   209
Dodge: Dodged            |    86 |    98 |   163 |   499 ||   846
       Rpst.: Long sword |       |       |       |    15 ||    15
